cohdb
Replays
Latest Replays
All Replays
Popular Replays
Top Player Replays
Match Explorer
How It Works
Community
CoH3 Stats
Reddit
Sign in to upload your games and track your stats! →
Sign in with Steam
Match 41956656
Unlisted
Match 41956656
Overview
Messages
Build Orders
End
Panzergrenadier Squad
Panzergrenadier Squad
250 Light Carrier
Construct Light Support Kompanie
Combat Half-tracks
2.5-tonne Medical Truck
Fire Support Elements
Panzerjäger Squad
Selects Armored Support Battlegroup
Selects Salvage Kits
Pak 38 Mechanized Group
Construct Panzerarmee Kommand
Emergency Repair Kits
Panzer III L Medium Tank
Panzer III L Medium Tank
Rapid Advance
Selects Panzer Storm
Selects Stuka Anti-tank Loiter
Panzer III L Medium Tank
Tungsten Core Ammunition
Panzer III L Medium Tank
Walking Stuka Rocket Launcher
pijin
Gregor
Insomniac
Surveillance-Buoy 2
0
0
Comments
sign in to comment!
No comments posted yet!